 Dungeon Crawl Stone Soup version 0.31-a0-263-ge8cad7f256 (webtiles) character file.

Game seed: 13829793512432092694

321 qw the Shooter (level 6, -1/37 HPs)
             Began as a Gargoyle Hexslinger on July 13, 2023.
             Slain by a hound (5 damage)
             ... on level 4 of the Dungeon.
             The game lasted 00:01:09 (2673 turns).

qw the Shooter (Gargoyle Hexslinger)                Turns: 2673, Time: 00:01:09

Health: -1/37      AC: 10    Str: 12    XL:     6   Next: 46%
Magic:  7/7        EV: 11    Int: 13    God:
Gold:   203        SH:  0    Dex: 14    Spells: 6/7 levels left

rFire   . . .        m - +1 sling (flame)
rCold   + . .        (no shield)
rNeg    + . .        e - +0 leather armour
rPois   inf          j - +1 hat
rElec   +            c - +0 cloak
rCorr   .            (no gloves)
SInv    .            d - +0 pair of boots
Will    .....        (no amulet)
Stlth   +            a - ring of protection from cold
HPRegen 0.26/turn    (no ring)
MPRegen 0.10/turn

%: no passive effects
@: about to teleport
A: sickness immunity, AC +4, negative energy resistance 1, electricity
resistance, torment resistance 1, petrification resistance
a: no special abilities


You were on level 4 of the Dungeon.
You visited 1 branch of the dungeon, and saw 4 of its levels.

You collected 203 gold pieces.


Innate Abilities, Weirdness & Mutations

You are immune to sickness and miasma.
Your stone body is resilient. (AC +4)
You are immune to poison.
You resist negative energy. (rN+)
You are resistant to electric shocks. (rElec)
You are resistant to unholy torment.
You are immune to petrification.


   Skills:
 - Level 3.4 Fighting
 + Level 5.3 Ranged Weapons
 - Level 2.1 Armour
 - Level 1.5 Dodging
 - Level 1.0 Spellcasting
 - Level 2.6 Hexes


You had 6 spell levels left.
You knew the following spells:

 Your Spells              Type           Power      Damage    Failure   Level
a - Slow                  Hex            28%        N/A       12%         1

Your spell library contained the following spells:

 Spells                   Type           Power      Damage    Failure   Level
 Inner Flame              Hex/Fire       4%         N/A       52%         3
 Portal Projectile        Hex/Tloc       8%         N/A       52%         3
 Cause Fear               Hex            3%         N/A       75%         4

Inventory:

Hand Weapons
 m - a +1 sling of flaming (weapon)
Armour
 c - a +0 cloak (worn)
 d - a +0 pair of boots (worn)
 e - a +0 leather armour (worn)
 h - a +0 ring mail
 j - a +1 hat (worn)
Jewellery
 a - a ring of protection from cold (left hand)
Scrolls
 g - a scroll of enchant weapon {unknown}
Potions
 b - 2 potions of haste {unknown}
 f - a potion of attraction {unknown}
 i - a potion of curing {unknown}
 k - a potion of mutation {unknown}

Dungeon Overview and Level Annotations

Branches:
Dungeon (4/15)
 Temple: D:4-7

Altars:
Kikubaaqudgha

Annotations:
D:4 Blork the orc, Dowan, Duvessa


Message History

You feel strangely unstable. Duvessa hits you but does no damage. x2
You shoot a sling bullet.
The sling bullet hits Duvessa but does no damage.
Duvessa is lightly wounded.
Duvessa hits you with a +0 short sword.
You shoot a sling bullet.
The sling bullet closely misses Duvessa.
The sling bullet hits the scorpion.
The sling bullet burns the scorpion.
The scorpion is moderately wounded.
Your surroundings suddenly seem different.
An endoplasm and a hound come into view.
Found a robe.
The hound barks!
You hear an angry hiss.
You hear a shout!
The hound bites you but does no damage.
The endoplasm quivers.
The endoplasm closely misses you. The hound bites you but does no damage.
Enter note:
Enter note:
Enter note:
2671 ||| READING scroll of teleportation.
As you read the scroll of teleportation, it crumbles to dust.
You feel strangely unstable.
A ball python comes into view.
The hound closely misses you.
You shoot a sling bullet.
The sling bullet closely misses the hound.
The ball python hisses angrily.
You hear an angry hiss.
The hound bites you but does no damage. The endoplasm barely misses you.
A ball python comes into view.
The hound closely misses you. The endoplasm freezes you.
You are frozen.
You resist.
Blork the orc comes into view.
He is wielding a +0 long sword.
You shoot a sling bullet. The sling bullet hits the hound.
The sling bullet burns the hound.
The hound is lightly wounded.
The hound bites you.
You die...

# .# ###
# .. .o
.# #.
.#..#
#.##....#
#J@#
#S#hS[#
#. ..###
#. .##.
#. .# . #
.. .. #.
## #


You could see Blork the orc, a hound, an endoplasm and 2 ball pythons.

Vanquished Creatures
  A bullfrog (D:4)
  A hound (D:4)
  An orc priest (D:4)
  2 iguanas (D:3)
  An orc wizard (D:4)
  5 adders
  An ufetubus (D:3)
  A worm (D:3)
  4 dart slugs
  2 orcs (D:4)
  2 ball pythons
  5 bats
  7 endoplasms
  3 giant cockroaches
  6 goblins
  4 hobgoblins
  A jackal (D:3)
  8 kobolds
  3 quokkas
  2 frilled lizards
  3 rats
63 creatures vanquished.

Notes
Turn   | Place    | Note
-------+----------+-------------------------------------------
     0 | D:1      | qw the Gargoyle Hexslinger began the quest for the Orb.
     0 | D:1      | Reached XP level 1. HP: 12/12 MP: 2/2
     0 | D:1      | 0 ||| qw: Version: 0.3-a-52-g30416fa
     0 | D:1      | 0 ||| qw: Game counter: 7358
     0 | D:1      | 0 ||| qw: Melee chars always use a shield: true
     0 | D:1      | 0 ||| qw: God list: Okawaru
     0 | D:1      | 0 ||| qw: Allow faded altars: false
     0 | D:1      | 0 ||| qw: Do Orc after clearing Dungeon:15 true
     0 | D:1      | 0 ||| qw: Do second Lair branch before Depths: true
     0 | D:1      | 0 ||| qw: Lair rune preference: random
     0 | D:1      | 0 ||| qw: Goals: Normal
     0 | D:1      | 0 ||| PLANNING D:1-11
    66 | D:1      | Reached XP level 2. HP: 10/16 MP: 3/3
    69 | D:1      | 69 ||| FLEEEEING.
    70 | D:1      | 70 ||| FLEEEEING.
    71 | D:1      | 71 ||| FLEEEEING.
    72 | D:1      | 72 ||| FLEEEEING.
    73 | D:1      | 73 ||| FLEEEEING.
    74 | D:1      | 74 ||| FLEEEEING.
    75 | D:1      | 75 ||| FLEEEEING.
    76 | D:1      | 76 ||| FLEEEEING.
    77 | D:1      | 77 ||| FLEEEEING.
    78 | D:1      | 78 ||| FLEEEEING.
    79 | D:1      | 79 ||| FLEEEEING.
    80 | D:1      | 80 ||| FLEEEEING.
    81 | D:1      | 81 ||| FLEEEEING.
    82 | D:1      | 82 ||| FLEEEEING.
   233 | D:1      | Reached skill level 3 in Ranged Weapons
   465 | D:1      | Reached XP level 3. HP: 21/21 MP: 4/4
   875 | D:1      | 875 ||| UPGRADING to +0 pair of boots.
   880 | D:1      | 880 ||| UPGRADING to +0 leather armour.
   890 | D:1      | 890 ||| DROPPING +0 robe.
   891 | D:1      | 891 ||| UPGRADING to +1 hat.
   896 | D:1      | 896 ||| READING scroll labelled QIROIT NONWUMM.
   897 | D:1      | 897 ||| READING scroll labelled HIOMOFUESK.
   898 | D:1      | 898 ||| READING 2 scrolls labelled DETESU HEOSI.
   903 | D:1      | 903 ||| READING scroll labelled RUILOHOTRU.
   904 | D:1      | 904 ||| DRINKING 2 fizzy inky potions.
   905 | D:1      | 905 ||| DROPPING scroll of poison.
   906 | D:1      | 906 ||| DROPPING potion of magic.
  1135 | D:2      | Found an ancient bone altar of Kikubaaqudgha.
  1513 | D:2      | 1513 ||| UPGRADING to ring of protection from cold.
  1514 | D:2      | 1514 ||| READING scroll labelled NADEIRECACO.
  1515 | D:2      | 1515 ||| READING scroll labelled VATUQAFUTO.
  1516 | D:2      | 1516 ||| READING scroll labelled GUSOUV GAEH.
  1517 | D:2      | 1517 ||| DRINKING 2 red potions.
  1591 | D:3      | Reached skill level 4 in Ranged Weapons
  1591 | D:3      | Reached XP level 4. HP: 17/26 MP: 5/5
  1821 | D:3      | Reached XP level 5. HP: 30/30 MP: 6/6
  2233 | D:3      | 2233 ||| UPGRADING to +0 cloak.
  2238 | D:3      | 2238 ||| DROPPING ring of flight.
  2267 | D:4      | 2267 ||| STAIRDANCE
  2271 | D:3      | HP: 2/30 [iguana (7)]
  2272 | D:3      | 2272 ||| READING 2 scrolls of teleportation.
  2273 | D:3      | 2273 ||| DRINKING potion of heal wounds.
  2319 | D:4      | 2319 ||| STAIRDANCE
  2324 | D:3      | Reached skill level 5 in Ranged Weapons
  2357 | D:4      | 2357 ||| STAIRDANCE
  2529 | D:4      | Reached skill level 3 in Fighting
  2535 | D:4      | Reached XP level 6. HP: 30/37 MP: 7/7
  2623 | D:4      | 2623 ||| SWAPPING to +1 sling of flaming.
  2624 | D:4      | 2624 ||| DROPPING +1 sling.
  2650 | D:4      | Noticed Duvessa
  2652 | D:4      | Noticed Dowan
  2667 | D:4      | HP: 5/37 [Duvessa/+0 short sword (9)]
  2668 | D:4      | 2668 ||| READING 2 scrolls of teleportation.
  2671 | D:4      | 2671 ||| READING scroll of teleportation.
  2672 | D:4      | HP: 3/37 [frozen (2)]
  2672 | D:4      | Noticed Blork the orc
  2673 | D:4      | Slain by a hound

Levels and vault maps discovered:
D:1:      mushboom_english_gardens, layout_basic, minmay_misc_feat_roman
D:2:      layout_loops_ring, basic_altar
D:3:      layout_loops_ring, minmay_diced_spiral
D:4:      layout_rooms, minmay_starry_boxes, uniq_crazy_yiuf_cottage,
          uniq_duvessa, uniq_blork_the_orc

Skill      XL: |  1  2  3  4  5 |
---------------+----------------+-----
Ranged Weapons | 3 4 5 |  5.3
Fighting       | 2 3 |  3.4
Armour         | 2 |  2.1
Dodging        | |  1.5
Spellcasting   | |  1.0
Hexes          | |  2.6

Action                     |  1- 3 |  4- 6 || total
---------------------------+-------+-------++-------
   Fire: Sling             |   118 |   149 ||   267
    Use: Scroll            |     7 |     3 ||    10
         Potion            |     2 |     1 ||     3
 Armour: Robe              |    12 |       ||    12
         Leather armour    |     7 |    53 ||    60
  Dodge: Dodged            |    33 |    83 ||   116

Table legend:
 A = Non-vault XP
 B = Vault XP
 C = Vault XP percentage of total XP
 D = Non-vault monster count
 E = Vault monster count
 F = Vault count percentage of total count
                 A         B        C        D         E       F
            +---------+---------+-------+---------+---------+-------
      Total |     439 |      20 |   4.4 |      58 |       5 |   7.9
            +---------+---------+-------+---------+---------+-------
        D:1 |      41 |       0 |   0.0 |      20 |       0 |   0.0
        D:2 |      25 |       0 |   0.0 |       9 |       0 |   0.0
        D:3 |     133 |      20 |  13.1 |      15 |       5 |  25.0
        D:4 |     240 |       0 |   0.0 |      14 |       0 |   0.0
            +---------+---------+-------+---------+---------+-------
